 Dungeon Crawl Stone Soup version 0.19.3-1-g3169bf9 (webtiles) character file.

75 Alarkh the Chopper (level 4, -1/35 HPs)
             Began as a Demonspawn Monk on Jan 26, 2017.
             Killed by nerve-wracking pain
             ... invoked by an orc priest
              (13 damage)
             ... on level 4 of the Dungeon.
             The game lasted 00:03:45 (2687 turns).

Alarkh the Chopper (Demonspawn Monk)                Turns: 2687, Time: 00:03:46

Health: -1/35      AC:  5    Str:  9 (12) XL:     4   Next: 11%
Magic:  4/4        EV: 13    Int: 10 (12) God:
Gold:   94         SH:  0    Dex: 14 (15) Spells: 0 memorised, 3 levels left

rFire  . . .     SeeInvis +     a - +0 hand axe
rCold  . . .     Gourm    .     b - +0 robe
rNeg   . . .     Faith    .     (no shield)
rPois  .         Spirit   .     k - +2 helmet
rElec  .         Reflect  .     (no cloak)
rCorr  .         Harm     .     (no gloves)
MR     .....                    (no boots)
Stlth  ++........               (no amulet)
                                (no ring)
                                s - ring of see invisible

@: no status effects
A: claws 2
a: no special abilities


You were on level 4 of the Dungeon.
You were hungry.

You visited 1 branch of the dungeon, and saw 4 of its levels.

You collected 94 gold pieces.

Inventory:

Hand Weapons
 a - a +0 hand axe (weapon)
 i - a -2 trident
Armour
 b - a +0 robe (worn)
 k - a +2 helmet (worn)
Jewellery
 s - a ring of see invisible (left claw)
Scrolls
 d - a scroll of blinking
 e - 2 scrolls of amnesia {unknown}
 f - a scroll of enchant armour {unknown}
 h - a scroll of magic mapping {unknown}
 l - 2 scrolls of fog {unknown}
 m - a scroll of identify {unknown}
 o - 2 scrolls of immolation {unknown}
 p - a scroll of fear {unknown}
Comestibles
 c - 2 bread rations
 n - 3 meat rations


   Skills:
 - Level 3.0 Fighting
 + Level 4.5 Axes
 - Level 2.6 Dodging
 - Level 1.7 Stealth


You had 3 spell levels left.
You didn't know any spells.

Dungeon Overview and Level Annotations

Branches:
Dungeon (4/15)
 Temple: D:4-7

Altars:

Annotations:
D:3 Feta's ghost, amateur HOFi


Innate Abilities, Weirdness & Mutations

You have very sharp fingernails.


Message History

You are too injured to fight recklessly!
You aren't carrying any potions.
Okay, then.
You barely miss the orc priest.
The orc priest is moderately wounded.
The orc priest casts a cantrip, but nothing happens.
You hit the orc priest.
The orc priest is severely wounded.
The orc priest hits you.
You hit the orc priest but do no damage.
The orc priest is severely wounded.
The orc priest looks encouraged for a moment.
You hit the orc priest but do no damage.
The orc priest is severely wounded.
The orc priest looks braver for a moment.
You hit the orc priest.
The orc priest is almost dead.
The orc priest mumbles some strange prayers to Beogh against you.
Pain shoots through your body!
You die...

.# .. #. #. #.
#.######..
##.......#
#..)...$.##
#####..@o......
...............
######........#
#.<......#
#.....=..#
###......#
...#### ...#
..(#


You could see an orc priest.

Vanquished Creatures
  2 adders (D:2)
  An ooze (D:2)
  A worm (D:2)
  A dart slug (D:1)
  4 orcs
  3 giant cockroaches
  4 goblins (D:1)
  6 hobgoblins
  A quokka (D:2)
  6 bats
  3 frilled lizards
  10 kobolds
  3 rats (D:1)
  A fungus (D:1)
46 creatures vanquished.

Notes
Turn   | Place    | Note
-------+----------+-------------------------------------------
     0 | D:1      | Alarkh the Demonspawn Monk began the quest for the Orb.
     0 | D:1      | Reached XP level 1. HP: 18/18 MP: 1/1
   186 | D:1      | Reached skill level 3 in Axes
   285 | D:1      | Gained mutation: You have sharp fingernails. [demonic ancestry]
   285 | D:1      | Reached XP level 2. HP: 21/24 MP: 2/2
   810 | D:2      | Gained mutation: You have very sharp fingernails. [demonic ancestry]
   810 | D:2      | Reached XP level 3. HP: 28/29 MP: 3/3
  1152 | D:2      | Reached skill level 4 in Axes
  1970 | D:3      | Noticed Feta's ghost (amateur HOFi)
  2050 | D:3      | Reached XP level 4. HP: 35/35 MP: 4/4
  2687 | D:4      | Killed from afar by an orc priest

Skill      XL: |  1  2  3 |
---------------+----------+-----
Axes           | 3 4 |  4.5
Fighting       | |  3.0
Dodging        | |  2.6
Stealth        | |  1.7

Action                   |  1- 3 |  4- 6 || total
-------------------------+-------+-------++-------
Melee: Hand axe          |   165 |    30 ||   195
       Trident           |     6 |       ||     6
  Use: Scroll            |     3 |       ||     3
       Potion            |     1 |     2 ||     3
 Stab: Sleeping          |     4 |       ||     4
  Eat: Chunk             |     3 |     2 ||     5
Armor: Robe              |    46 |     6 ||    52
       Skin              |     6 |       ||     6
Dodge: Dodged            |   111 |    13 ||   124
